 Dungeon Crawl Stone Soup version 0.27-a0-906-g0a00ce863d (webtiles) character file.

Game seed: 2265992898258095445

337 jestyr24 the Shield-Bearer (level 6, -10/53 HPs)
             Began as a Gnoll Fighter on Apr 8, 2021.
             Was a Priest of Vehumet.
             Mangled by Duvessa
             ... wielding a +0 short sword
              (16 damage)
             ... on level 4 of the Dungeon.
             The game lasted 00:13:09 (3884 turns).

jestyr24 the Shield-Bearer (Gnoll Fighter)          Turns: 3884, Time: 00:13:10

Health: -10/53     AC:  7    Str: 17    XL:     6   Next: 54%
Magic:  9/9        EV:  8    Int:  8    God:    Vehumet [***...]
Gold:   118        SH: 10    Dex: 11    Spells: 8/9 levels left

rFire    . . .     SeeInvis .   a - +0 long sword
rCold    . . .     Faith    .   c - +0 kite shield
rNeg     . . .     Spirit   .   b - +0 scale mail
rPois    .         Reflect  .   (no helmet)
rElec    .         Harm     .   (no cloak)
rCorr    .         Rampage  .   (no gloves)
Will     .....                  (no boots)
Stlth    ..........             (no amulet)
HPRegen  0.17/turn              (no ring)
MPRegen  0.11/turn              (no ring)

@: no status effects
A: fangs 1, strong nose, distributed training
a: Renounce Religion


You were on level 4 of the Dungeon.
You worshipped Vehumet.
Vehumet was most pleased with you.
You visited 1 branch of the dungeon, and saw 4 of its levels.

You collected 118 gold pieces.

Inventory:

Hand Weapons
 a - a +0 long sword (weapon)
 k - a +1 dagger of speed
 m - a +1 dagger of draining
Missiles
 n - 6 boomerangs
 o - a throwing net
 u - 16 stones
 v - 18 poisoned darts (quivered)
Armour
 b - a +0 scale mail (worn)
 c - a +0 kite shield (worn)
 p - a +0 leather armour
Magical Staves
 f - a staff of conjuration
Wands
 t - a wand of digging (4)
Scrolls
 h - 4 scrolls of identify {unknown}
 i - a scroll of magic mapping {unknown}
 l - a scroll of immolation {unknown}
 q - a scroll of noise {unknown}
 r - a scroll of teleportation {unknown}
 x - a scroll of blinking {unknown}
Potions
 d - 2 potions of might
 e - a potion of flight {unknown}
 g - a potion of curing {unknown}
 j - a potion of magic {unknown}
 s - a potion of heal wounds {unknown}
 w - 2 potions of attraction {unknown}
 z - a potion of haste {unknown}
 A - a potion of mutation {unknown}


   Skills:
 + Level 6.8 Fighting
 + Level 2.0 Short Blades
 + Level 5.0 Long Blades
 + Level 2.0 Axes
 + Level 2.0 Maces & Flails
 + Level 2.0 Polearms
 + Level 2.0 Staves
 + Level 2.0 Slings
 + Level 2.0 Bows
 + Level 2.0 Crossbows
 + Level 2.0 Throwing
 + Level 6.8 Armour
 + Level 2.0 Dodging
 + Level 2.0 Stealth
 + Level 6.8 Shields
 + Level 2.0 Unarmed Combat
 + Level 2.0 Spellcasting
 + Level 1.6 Conjurations
 + Level 1.6 Hexes
 + Level 1.6 Summonings
 + Level 1.6 Necromancy
 + Level 1.6 Translocations
 + Level 1.6 Transmutations
 + Level 1.6 Fire Magic
 + Level 1.6 Ice Magic
 + Level 1.6 Air Magic
 + Level 1.6 Earth Magic
 + Level 1.6 Poison Magic
 + Level 2.2 Invocations
 + Level 2.0 Evocations


You had 8 spell levels left.
You knew the following spells:

 Your Spells              Type           Power      Damage    Failure   Level
a - Magic Dart            Conj           12%        1d3       36%         1

Your spell library contained the following spells:

 Spells                   Type           Power      Damage    Failure   Level
 Frozen Ramparts          Ice            6%         1d2       71%         3
 Beastly Appendage        Tmut           6%         N/A       85%         1
 Wereblood                Tmut           3%         N/A       94%         2
 Spider Form              Tmut/Pois      1%         N/A       99%         3
 Ice Form                 Ice/Tmut       3%         N/A       100%        4
 Hydra Form               Tmut           1%         N/A       100%        5


Dungeon Overview and Level Annotations

Branches:
Dungeon (4/15)
 Temple: D:4-7

Altars:
Vehumet
The Shining One

Annotations:
D:4 Duvessa


Innate Abilities, Weirdness & Mutations

You have very sharp teeth.
Your uncanny sense of smell can sniff out nearby items.
Your experience applies equally to all skills.


Message History

Your Evocations skill increases to level 2!
Things that are here:
a +0 whip; an orc corpse You start resting.
Magic restored.
You start resting.
Duvessa, Sister of Dowan comes into view.
She is wielding a +0 short sword and wearing a +0 leather armour of willpower.
Duvessa shouts!
Duvessa goes berserk!
You throw a poisoned dart. The poisoned dart hits Duvessa.
Duvessa is poisoned.
You throw a poisoned dart. The poisoned dart hits Duvessa.
Duvessa looks even sicker.
You throw a poisoned dart.
The poisoned dart barely misses Duvessa.
You hit Duvessa but do no damage. Duvessa hits you with a +0 short sword.
You block Duvessa's attack.
You barely miss Duvessa. You block Duvessa's attack. x2
You closely miss Duvessa. You bite Duvessa.
Duvessa is lightly wounded.
Duvessa completely misses you. Duvessa hits you with a +0 short sword.
You hit Duvessa.
Duvessa is lightly wounded.
You block Duvessa's attack. Duvessa closely misses you.
You riposte.
You barely miss Duvessa. You bite Duvessa, but do no damage.
Duvessa is lightly wounded.
You hit Duvessa.
Duvessa is moderately wounded.
Duvessa closely misses you.
You riposte.
You slash Duvessa!
Duvessa is moderately wounded.
Duvessa hits you but does no damage.
You closely miss Duvessa.
Duvessa is moderately wounded.
You are no longer glowing.
Duvessa hits you with a +0 short sword! x2
* * * LOW HITPOINT WARNING * * *
You are too injured to fight recklessly!
You hit Duvessa.
Duvessa is heavily wounded.
Duvessa hits you with a +0 short sword!
You die...

.......... #.#(..#..#
#.#(..#.. #.#...#)#
#.#(..#.# #.#...#)#
#.......# ###e..###
########@..######
#..........(....#
#.###.........#.# #.#
#<.......<#.#
##.####.#.....##.##
##...###.#...†###..#
##.....##......###..#
#.....<.####........#
#.......# #.######.#


You could see Duvessa (berserk, poisoned).

Vanquished Creatures
  A bullfrog (D:2)
  Dowan (D:4)
  2 orc priests (D:3)
  Jessica (D:3)
  3 adders (D:3)
  A worm (D:2)
  3 dart slugs
  4 orcs
  4 endoplasms
  5 giant cockroaches
  4 goblins
  9 hobgoblins
  19 jackals
  2 quokkas
  9 ball pythons
  3 bats
  3 frilled lizards
  12 kobolds
  7 rats
93 creatures vanquished.

Notes
Turn   | Place    | Note
-------+----------+-------------------------------------------
     0 | D:1      | jestyr24 the Gnoll Fighter began the quest for the Orb.
     0 | D:1      | Reached XP level 1. HP: 23/23 MP: 1/1
   193 | D:1      | Reached XP level 2. HP: 28/29 MP: 2/2
   612 | D:1      | Reached XP level 3. HP: 34/35 MP: 3/3
   928 | D:1      | Reached skill level 1 in Invocations
   942 | D:1      | Found a faded altar of an unknown god.
   950 | D:1      | Became a worshipper of Vehumet
   950 | D:1      | Reached * piety under Vehumet
   950 | D:1      | Offered knowledge of Magic Dart by Vehumet.
   964 | D:1      | Learned a level 1 spell: Magic Dart
  1194 | D:2      | Reached skill level 1 in Short Blades
  1194 | D:2      | Reached skill level 1 in Axes
  1194 | D:2      | Reached skill level 1 in Maces & Flails
  1194 | D:2      | Reached skill level 1 in Polearms
  1194 | D:2      | Reached skill level 1 in Staves
  1194 | D:2      | Reached skill level 1 in Slings
  1194 | D:2      | Reached skill level 1 in Bows
  1194 | D:2      | Reached skill level 1 in Crossbows
  1194 | D:2      | Reached skill level 1 in Throwing
  1194 | D:2      | Reached skill level 1 in Dodging
  1194 | D:2      | Reached skill level 1 in Stealth
  1194 | D:2      | Reached skill level 1 in Unarmed Combat
  1194 | D:2      | Reached skill level 1 in Spellcasting
  1194 | D:2      | Reached skill level 1 in Evocations
  1428 | D:2      | Reached XP level 4. HP: 40/41 MP: 2/5
  1478 | D:2      | Found a glowing golden altar of the Shining One.
  1763 | D:2      | Reached ** piety under Vehumet
  1763 | D:2      | Offered knowledge of Sandblast by Vehumet.
  2004 | D:2      | Noticed a bullfrog
  2011 | D:2      | Killed a bullfrog
  2012 | D:2      | Reached skill level 1 in Conjurations
  2012 | D:2      | Reached skill level 1 in Hexes
  2012 | D:2      | Reached skill level 1 in Summonings
  2012 | D:2      | Reached skill level 1 in Necromancy
  2012 | D:2      | Reached skill level 1 in Translocations
  2012 | D:2      | Reached skill level 1 in Transmutations
  2012 | D:2      | Reached skill level 1 in Fire Magic
  2012 | D:2      | Reached skill level 1 in Ice Magic
  2012 | D:2      | Reached skill level 1 in Air Magic
  2012 | D:2      | Reached skill level 1 in Earth Magic
  2012 | D:2      | Reached skill level 1 in Poison Magic
  2012 | D:2      | Reached XP level 5. HP: 43/47 MP: 5/7
  2888 | D:3      | Reached XP level 6. HP: 49/53 MP: 8/8
  3032 | D:3      | Noticed Jessica
  3037 | D:3      | Offered knowledge of Frozen Ramparts by Vehumet.
  3040 | D:3      | Killed Jessica
  3763 | D:4      | Reached *** piety under Vehumet
  3832 | D:4      | Noticed Dowan
  3853 | D:4      | Killed Dowan
  3854 | D:4      | Reached skill level 5 in Long Blades
  3872 | D:4      | Noticed Duvessa
  3884 | D:4      | Mangled by Duvessa

Illustrated notes

Levels and vault maps discovered:
D:1:      wander_arrival_estate, layout_loops_corners, basic_ecumenical_altar,
          minivault_23
D:2:      layout_basic, basic_altar
D:3:      layout_loops_ring, chequers_decorated_corner, chequers_mini_garden,
          uniq_jessica
D:4:      layout_loops_cross, uniq_duvessa

Skill      XL: |  1  2  3  4  5  6 |
---------------+-------------------+-----
Invocations    | 1 2 |  2.2
Short Blades   | 1 2 |  2.0
Axes           | 1 2 |  2.0
Maces & Flails | 1 2 |  2.0
Polearms       | 1 2 |  2.0
Staves         | 1 2 |  2.0
Slings         | 1 2 |  2.0
Bows           | 1 2 |  2.0
Crossbows      | 1 2 |  2.0
Throwing       | 1 2 |  2.0
Dodging        | 1 2 |  2.0
Stealth        | 1 2 |  2.0
Unarmed Combat | 1 2 |  2.0
Spellcasting   | 1 2 |  2.0
Evocations     | 1 2 |  2.0
Conjurations   | 1 |  1.6
Hexes          | 1 |  1.6
Summonings     | 1 |  1.6
Necromancy     | 1 |  1.6
Translocations | 1 |  1.6
Transmutations | 1 |  1.6
Fire Magic     | 1 |  1.6
Ice Magic      | 1 |  1.6
Air Magic      | 1 |  1.6
Earth Magic    | 1 |  1.6
Poison Magic   | 1 |  1.6
Long Blades    | 5 |  5.0
Fighting       | |  6.8
Armour         | |  6.8
Shields        | |  6.8

Action                   |  1- 3 |  4- 6 || total
-------------------------+-------+-------++-------
Melee: Long sword        |   123 |   156 ||   279
       Bite              |    10 |    18 ||    28
Throw: Boomerang         |       |    33 ||    33
       Dart              |       |     3 ||     3
Armor: Scale mail        |    44 |    64 ||   108
Dodge: Dodged            |    43 |    53 ||    96
Block: Kite shield       |    74 |    95 ||   169
       Rpst.: Long sword |    15 |    11 ||    26

Table legend: (Time is in decaauts)
 A = Elapsed time spent in this place.
 B = Non-inter-level travel time spent in this place.
 C = Inter-level travel time spent in this place.
 D = Time resting spent in this place.
 E = Time spent auto-exploring this place.
 F = Levels seen in this place.
 G = Mean time per level.
                   A        B        C        D        E       F      G
               +--------+--------+--------+--------+--------+-----+--------+
         Total |   3995 |   3908 |     87 |    646 |   2432 |   4 |  998.8 |
       Dungeon |   3995 |   3908 |     87 |    646 |   2432 |   4 |  998.8 |
               +--------+--------+--------+--------+--------+-----+--------+

Top non-repeatable levels by time:
     D:2: 1482 daAuts
     D:1: 1182 daAuts
     D:3: 1162 daAuts
     D:4: 167 daAuts
